 Dungeon Crawl Stone Soup version 0.28-a0-535-g6f645e4c1d (webtiles) character file.

Game seed: 15687359134384297079

14779 Demosthentine the Impaler (level 12, -7/99 HPs)
             Began as a Merfolk Gladiator on Sept 27, 2021.
             Was an Elder of the Shining One.
             Mangled by a 13-headed hydra (13 damage)
             ... on level 12 of the Dungeon.
             The game lasted 00:09:09 (11032 turns).

Demosthentine the Impaler (Merfolk Gladiator)      Turns: 11032, Time: 00:09:10

Health: -7/99      AC:  8    Str: 16    XL:     12   Next: 20%
Magic:  16/16      EV: 23    Int:  7    God:    the Shining One [****..]
Gold:   1421       SH:  5    Dex: 23    Spells: 11/11 levels left

rFire   + . .      SeeInvis .   I - +0 trident
rCold   + . .      Faith    .   (no shield)
rNeg    + + .      Spirit   .   C - +1 steam dragon scales
rPois   +          Reflect  +   c - +0 helmet
rElec   .          Harm     .   m - scarf {rC+ rF+}
rCorr   .          Rampage  .   (no gloves)
Will    .....      Rnd*Tele +   (no boots)
Stlth   +.........              j - amulet of reflection
HPRegen 0.26/turn               e - +6 ring of dexterity
MPRegen 0.15/turn               B - ring of poison resistance

@: glowing
A: (nimble swimmer 2), mertail, clumsy 1, screaming 1, teleportitis 1,
MP-powered wands
a: Renounce Religion, Divine Shield, Cleansing Flame


You were on level 12 of the Dungeon.
You worshipped the Shining One.
The Shining One was greatly pleased with you.
You visited 2 branches of the dungeon, and saw 13 of its levels.

You collected 1421 gold pieces.

Inventory:

Hand Weapons
 g - the +8 glaive of the Guard {elec, spectral, AC+5}
   (You acquired it on level 2 of the Dungeon)

   It occasionally discharges a powerful burst of electricity upon striking a
   foe.
   When it strikes, its spirit leaps out and fights alongside the wielder.
   AC:        It affects your AC (+5).
 I - a +0 trident (weapon)
Missiles
 d - 6 throwing nets (quivered)
Armour
 c - a +0 helmet (worn)
 m - a scarf of resistance (worn)
 y - a +2 buckler
 C - +1 steam dragon scales (worn)
Jewellery
 b - a +6 ring of strength
 e - a +6 ring of dexterity (left hand)
 j - an amulet of reflection (around neck)
 k - a ring of protection from fire
 B - a ring of poison resistance (right hand)
 D - a ring of positive energy
Wands
 l - a wand of charming (11)
 s - a wand of iceblast (24)
 t - a wand of mindburst (18)
 w - a wand of flame (46)
 F - a wand of digging (5)
 H - a wand of polymorph (7)
Scrolls
 a - a scroll of immolation
 f - 11 scrolls of teleportation
 h - 2 scrolls of amnesia
 u - a scroll of magic mapping
 v - a scroll of identify
 z - a scroll of fog
 E - 3 scrolls of enchant armour
Potions
 i - a potion of haste
 n - 4 potions of flight
 o - 7 potions of ambrosia
 p - 4 potions of curing
 q - 2 potions of might
 r - a potion of resistance
 x - a potion of attraction
 A - a potion of brilliance
 G - a potion of lignification


   Skills:
 + Level 10.9 Fighting
 + Level 18.8 Polearms
 - Level 2.0 Throwing
 - Level 6.0 Armour
 + Level 13.2 Dodging
 + Level 6.0 Invocations


You had 11 spell levels left.
You didn't know any spells.
Your spell library contained the following spells:

 Spells                   Type           Power      Damage    Failure   Level
 Animate Skeleton         Necr           0%         N/A       43%         1
 Pain                     Necr           0%         1d4       43%         1
 Summon Small Mammal      Summ           0%         N/A       43%         1
 Scorch                   Fire           0%         2d5       56%         2
 Sublimation of Blood     Necr           0%         N/A       56%         2
 Wereblood                Tmut           0%         N/A       56%         2
 Summon Guardian Golem    Hex/Summ       0%         N/A       80%         3
 Vampiric Draining        Necr           0%         2d6       80%         3
 Flame Wave               Conj/Fire      0%         3d3       99%         4
 Hailstorm                Conj/Ice       0%         3d3       99%         4
 Ice Form                 Ice/Tmut       0%         N/A       99%         4
 Borgnjor's Vile Clutch   Necr/Erth      0%         N/A       100%        5
 Simulacrum               Ice/Necr       0%         N/A       100%        6
 Statue Form              Tmut/Erth      0%         N/A       100%        6
 Summon Cactus Giant      Summ           0%         N/A       100%        6
 Malign Gateway           Summ/Tloc      0%         N/A       100%        7
 Orb of Destruction       Conj           0%         N/A       100%        7
 Spellforged Servitor     Conj/Summ      0%         N/A       100%        7
 Summon Hydra             Summ           0%         N/A       100%        7


Dungeon Overview and Level Annotations

Branches:
Dungeon (12/15)            Temple (1/1) D:4            Lair (0/6) D:8
    Orc (0/2) D:10

Altars:
Ashenzari
Cheibriados
Dithmenos
Elyvilon
Fedhas
Gozag
Hepliaklqana
Kikubaaqudgha
Makhleb
Nemelex Xobeh
Okawaru
Qazlal
Ru
Sif Muna
Trog
Uskayaw
Vehumet
Wu Jian
Xom
Yredelemnul
Zin
The Shining One

Annotations:
D:4 1 runed translucent door


Innate Abilities, Weirdness & Mutations

((You are quick and stealthy near water. (Stealth+, EV+, Speed+++)))
Your lower body shifts to a powerful aquatic tail in water.
You are clumsy. (Dex -2)
You occasionally shout uncontrollably at your foes.
You are occasionally teleported next to monsters.
You expend magic power (3 MP) to strengthen your wands.


Message History

The 13-headed hydra bites you! The 13-headed hydra barely misses you.
The 13-headed hydra bites you! The 13-headed hydra misses you.
The 13-headed hydra barely misses you. The 13-headed hydra bites you.
The 13-headed hydra bites you but does no damage.
The cyclops throws a large rock.
The large rock hits you.
Your spectral weapon disappears as you unwield.
I - a +0 trident (weapon)
Unknown command.
You puncture the 13-headed hydra!
The 13-headed hydra is almost dead.
The 13-headed hydra bites you but does no damage.
The 13-headed hydra completely misses you.
The 13-headed hydra closely misses you. The 13-headed hydra bites you!
The 13-headed hydra closely misses you. The 13-headed hydra barely misses you.
The 13-headed hydra bites you but does no damage.
The 13-headed hydra bites you. x2; The 13-headed hydra misses you.
The 13-headed hydra closely misses you. The 13-headed hydra bites you!
The 13-headed hydra closely misses you.
You are too injured to fight recklessly!
Unknown command.
You are too injured to fight recklessly!
Unknown command.
You are too injured to fight recklessly!
Unknown command.
Unknown command.
You puncture the 13-headed hydra!
The 13-headed hydra is almost dead.
The 13-headed hydra bites you!
* * * LOW HITPOINT WARNING * * *
The 13-headed hydra closely misses you. You block the 13-headed hydra's attack.
The 13-headed hydra bites you!
* * * LOW HITPOINT WARNING * * *
The 13-headed hydra barely misses you. The 13-headed hydra bites you.
* * * LOW HITPOINT WARNING * * *
The 13-headed hydra closely misses you.
The 13-headed hydra completely misses you.
The 13-headed hydra closely misses you. The 13-headed hydra bites you!
* * * LOW HITPOINT WARNING * * *
You block the 13-headed hydra's attack. The 13-headed hydra bites you!
You die...

...............
#...............
#...............
#...............
#...............
#...............
##.......D...C...
.....?...@.......
.................
.......<.######..
.........#
.........#
.........#
...).....#
####.....#
#.....#


You could see a 13-headed hydra and a cyclops.

Vanquished Creatures
  Harold (D:9)
  A boulder beetle (D:11)
  A hydra (D:11)
  2 two-headed ogres
  Pikel (D:8)
  The ghost of tatocazan the Skirmisher, a novice DsFi (D:5)
  An unseen horror (D:11)
  A kobold demonologist (D:9)
  4 trolls
  A queen bee (D:10)
  A shadow (D:5)
  The ghost of barkas the Slasher, an amateur NaCA of Ignis (D:4)
  5 wyverns
  5 yaks (D:8)
  A human (D:10)
  3 steam dragons
  7 vampire mosquitoes
  A warg (D:10)
  2 acid dragons
  8 water moccasins
  2 orc warriors (D:10)
  2 ice beasts
  2 necrophages (D:5)
  3 ogres
  4 centaurs
  A phantom (D:6)
  2 lemures (D:8)
  A kobold brigand (D:8)
  A bullfrog (D:7)
  2 gnoll sergeants
  A scorpion (D:6)
  A water moccasin zombie (D:5)
  A water moccasin skeleton (D:4)
  32 killer bees
  8 wights
  2 howler monkeys
  A crimson imp (D:9)
  4 centaur zombies
  A jelly (D:6)
  2 bullfrog zombies
  2 bullfrog skeletons (D:6)
  3 centaur skeletons (D:7)
  A hound (D:6)
  9 orc priests
  Ijyb (D:5)
  2 iguanas
  11 orc wizards
  3 howler monkey zombies
  13 gnolls
  A river rat (D:4)
  13 adders
  An adder skeleton (D:5)
  4 worms
  30 orcs
  3 bats
  A bat zombie (D:6)
  4 endoplasms
  14 giant cockroaches
  9 hobgoblins
  11 kobolds
  5 ball pythons
  3 frilled lizards
  7 goblins
  6 rats
  A rat zombie (D:6)
279 creatures vanquished.

Vanquished Creatures (others)
  An orc (D:9)
  4 fungi (D:8)
  6 plants (D:8)
11 creatures vanquished.

Grand Total: 290 creatures vanquished

Notes
Turn   | Place    | Note
-------+----------+-------------------------------------------
     0 | D:1      | Demosthentine the Merfolk Gladiator began the quest for the
                  | Orb.
     0 | D:1      | Reached XP level 1. HP: 16/16 MP: 1/1
   214 | D:1      | Reached XP level 2. HP: 23/23 MP: 2/2
   433 | D:1      | Found a faded altar of an unknown god.
  1177 | D:2      | Reached XP level 3. HP: 28/28 MP: 3/3
  1282 | D:2      | Reached skill level 5 in Polearms
  1684 | D:2      | Reached skill level 1 in Armour
  1897 | D:2      | Gained mutation: You occasionally shout uncontrollably at
                  | your foes. [potion of mutation]
  1897 | D:2      | Gained mutation: You are clumsy. (Dex -2) [potion of
                  | mutation]
  1897 | D:2      | Gained mutation: You are occasionally teleported next to
                  | monsters. [potion of mutation]
  1897 | D:2      | Gained mutation: You expend magic power (3 MP) to
                  | strengthen your wands. [potion of mutation]
  1916 | D:3      | Reached XP level 4. HP: 4/35 MP: 4/4
  2535 | D:2      | Identified 2 scrolls of acquirement
  2535 | D:2      | Acquired a manual of Polearms
  2538 | D:2      | Acquired the +8 glaive of the Guard {elec, spectral, AC+5}
  2538 | D:2      | Found the +8 glaive of the Guard {elec, spectral, AC+5}
  2830 | D:3      | Reached skill level 5 in Dodging
  2848 | D:3      | Reached XP level 5. HP: 41/41 MP: 5/5
  3291 | D:4      | Reached skill level 6 in Polearms
  3346 | D:4      | Found a runed translucent door.
  3351 | D:4      | Noticed barkas's ghost (amateur NaCA)
  3372 | D:4      | Reached XP level 6. HP: 48/48 MP: 6/6
  3387 | D:4      | Found a staircase to the Ecumenical Temple.
  3397 | D:4      | Reached skill level 7 in Polearms
  3406 | Temple   | Entered the Ecumenical Temple
  3644 | Temple   | Became a worshipper of the Shining One
  3802 | D:4      | Found a snail-covered altar of Cheibriados.
  3826 | D:4      | Found a runed translucent door.
  4371 | D:4      | Killed barkas's ghost
  4372 | D:4      | Reached skill level 8 in Polearms
  4372 | D:4      | Reached XP level 7. HP: 51/55 MP: 7/7
  4400 | D:5      | Entered Level 5 of the Dungeon
  4460 | D:5      | Reached skill level 5 in Fighting
  4460 | D:5      | Reached skill level 9 in Polearms
  4499 | D:5      | Identified the +6 whip of Diet Blood {venom, rPois Str+2}
  4578 | D:5      | Found a shimmering altar of Xom.
  4792 | D:5      | Noticed Ijyb
  4793 | D:5      | Noticed a shadow
  4794 | D:5      | Killed Ijyb
  4797 | D:5      | Reached XP level 8. HP: 57/62 MP: 8/8
  4797 | D:5      | Killed a shadow
  4798 | D:5      | Reached skill level 10 in Polearms
  4951 | D:5      | Found a runed translucent door.
  4954 | D:5      | Noticed tatocazan's ghost (novice DsFi)
  5217 | D:5      | Killed tatocazan's ghost
  5218 | D:5      | Reached skill level 11 in Polearms
  5274 | D:6      | Reached * piety under the Shining One
  5331 | D:6      | Reached XP level 9. HP: 71/71 MP: 9/9
  5456 | D:6      | Reached skill level 12 in Polearms
  5770 | D:6      | Found an ancient bone altar of Kikubaaqudgha.
  5961 | D:7      | Noticed a troll
  5965 | D:7      | Killed a troll
  5987 | D:7      | Reached skill level 13 in Polearms
  6316 | D:7      | Reached ** piety under the Shining One
  6473 | D:7      | Reached skill level 5 in Armour
  6692 | D:8      | Reached skill level 14 in Polearms
  6692 | D:8      | Reached XP level 10. HP: 79/80 MP: 10/10
  6693 | D:8      | Reached skill level 10 in Dodging
  6725 | D:8      | Reached skill level 15 in Polearms
  6855 | D:8      | Found a staircase to the Lair.
  6942 | D:8      | Noticed Pikel
  6949 | D:8      | Killed Pikel
  7388 | D:8      | Reached skill level 16 in Polearms
  7419 | D:8      | Reached *** piety under the Shining One
  7775 | D:9      | Reached skill level 1 in Invocations
  7775 | D:9      | Reached XP level 11. HP: 84/89 MP: 11/11
  7956 | D:9      | Found a burning altar of Makhleb.
  7956 | D:9      | Found a radiant altar of Vehumet.
  8072 | D:9      | Found a hazy altar of Hepliaklqana.
  8078 | D:9      | Found a blossoming altar of Fedhas.
  8161 | D:9      | Noticed Harold
  8164 | D:9      | Killed Harold
  8432 | D:9      | Found a shimmering blue altar of Sif Muna.
  8502 | D:9      | Found a broken altar of Ashenzari.
  8502 | D:9      | Found a sacrificial altar of Ru.
  8562 | D:9      | Acquired 735 gold pieces
  8595 | D:10     | Entered Level 10 of the Dungeon
  8612 | D:10     | Reached skill level 17 in Polearms
  8673 | D:10     | Reached **** piety under the Shining One
  8749 | D:10     | Noticed a two-headed ogre
  8753 | D:10     | Killed a two-headed ogre
  8754 | D:10     | Reached skill level 10 in Fighting
  9096 | D:10     | Reached skill level 18 in Polearms
  9184 | D:10     | Found a staircase to the Orcish Mines.
  9634 | D:11     | Noticed a two-headed ogre
  9638 | D:11     | Killed a two-headed ogre
  9639 | D:11     | Reached skill level 5 in Invocations
  9853 | D:11     | Reached XP level 12. HP: 64/99 MP: 15/15
 10058 | D:11     | Found a glowing golden altar of the Shining One.
 10066 | D:11     | Noticed a boulder beetle
 10072 | D:11     | Killed a boulder beetle
 10337 | D:11     | Got the Volume of the Creative Rocks
 10746 | D:11     | Noticed an eight-headed hydra
 10751 | D:11     | Killed a 13-headed hydra
 11024 | D:12     | Noticed an eight-headed hydra
 11032 | D:12     | Mangled by a 13-headed hydra

Illustrated notes

Levels and vault maps discovered:
D:1:      dpeg_arrival_circle_labyrinth_a, layout_basic,
          ebering_ecumenical_altar_petrified
D:2:      layout_loops_corners, minmay_tetromino_i4
D:3:      minmay_roachtagon, layout_loops_ring
D:4:      layout_basic, lemuel_crystal_altar, minmay_temple_entry_purple_smoke,
          ebering_ghost_sewer_f, minmay_circle_x
D:5:      layout_cave_pods, tgw_xom, ebering_ghost_reflecting_pool, uniq_ijyb
D:6:      layout_loops_ring, lemuel_zombie_altar_kikubaaqudgha,
          kennysheep_generic_room_3
D:7:      layout_gridville
D:8:      layout_basic, minmay_lair_entry_grove, nicolae_benzene_ring,
          uniq_pikel
D:9:      layout_roguey, grunt_temple_overflow_lords_of_destruction,
          gammafunk_temple_overflow_statue, kennysheep_mini_moat,
          mainiacjoe_overflow_large_starburst, uniq_harold
D:10:     layout_stronghold, erik_orc_4, minivault_7
D:11:     layout_layer_cave, minmay_misc_feat_doors, tso_metal_star
D:12:     layout_irregular_city, ebering_ghost_xom
Temple:   minmay_temple_bridge_abc

Skill      XL: |  1  2  3  4  5  6  7  8  9 10 11 12 |
---------------+-------------------------------------+-----
Polearms       | 5 6 8 9 11 14 16 18 | 18.8
Armour         | 1 2 3 4 5 6 |  6.0
Fighting       | 3 4 5 6 7 9 10 | 10.9
Dodging        | 5 6 7 8 9 11 12 13 | 13.2
Invocations    | 1 5 6 |  6.0
Throwing       | |  2.0

Action                   |  1- 3 |  4- 6 |  7- 9 | 10-12 || total
-------------------------+-------+-------+-------+-------++-------
Melee: Trident           |   123 |    24 |       |     2 ||   149
       Glaive            |       |    60 |    82 |   175 ||   317
Throw: Throwing net      |     1 |       |       |       ||     1
  Use: Scroll            |     5 |     6 |     6 |     7 ||    24
       Potion            |     2 |     1 |     1 |       ||     4
 Stab: Sleeping          |       |     4 |       |       ||     4
Armor: Leather armour    |    26 |     8 |    17 |     3 ||    54
       Steam dragon scal |       |       |       |    25 ||    25
Dodge: Dodged            |    73 |    43 |    30 |   123 ||   269
Block: Other             |       |    14 |     9 |    36 ||    59
       Reflection        |       |       |     1 |     2 ||     3

Table legend: (Time is in decaauts)
 A = Elapsed time spent in this place.
 B = Non-inter-level travel time spent in this place.
 C = Inter-level travel time spent in this place.
 D = Time resting spent in this place.
 E = Time spent auto-exploring this place.
 F = Levels seen in this place.
 G = Mean time per level.
                   A        B        C        D        E       F      G
               +--------+--------+--------+--------+--------+-----+--------+
         Total |  10995 |  10567 |    428 |    279 |   8875 |  13 |  845.8 |
       Dungeon |  10784 |  10356 |    428 |    279 |   8707 |  12 |  898.7 |
        Temple |    210 |    210 |      0 |      0 |    168 |   1 |  210.0 |
               +--------+--------+--------+--------+--------+-----+--------+

Top non-repeatable levels by time:
     D:2: 1461 daAuts
    D:11: 1394 daAuts
     D:8: 1059 daAuts
    D:10: 1015 daAuts
     D:3: 952 daAuts
     D:4: 885 daAuts
     D:1: 870 daAuts
     D:9: 846 daAuts
     D:5: 838 daAuts
     D:6: 733 daAuts
     D:7: 720 daAuts
  Temple: 210 daAuts
    D:12: 6 daAuts
